 Dungeon Crawl Stone Soup version 0.27-a0-46-g34d46f0a3f (webtiles) character file.

Game seed: 7777023110567778427

4869 Borgoz the Carver (level 10, -8/88 HPs)
             Began as a Grey Draconian Gladiator on Jan 7, 2021.
             Was an Initiate of Dithmenos.
             Mangled by a hornet (15 damage)
             ... while paralysed by a hornet
             ... on level 10 of the Dungeon.
             The game lasted 00:11:20 (7966 turns).

Borgoz the Carver (Grey Draconian Gladiator)        Turns: 7966, Time: 00:11:21

Health: -8/88      AC: 13    Str: 22    XL:     10   Next: 26%
Magic:  10/10      EV:  2    Int: 10    God:    Dithmenos [......]
Gold:   594        SH:  0    Dex: 19    Spells: 7/9 levels left

rFire    x . .     SeeInvis +   b - +7 dagger of Tentacled Optimality {freeze, Str+2 Dex+3 Stlth-}
rCold    + . .     Faith    .   (no shield)
rNeg     . . .     Spirit   .   (armour unavailable)
rPois    .         Reflect  .   G - +1 hat
rElec    .         Harm     .   (no cloak)
rCorr    .         Rampage  .   (no gloves)
Will     +....                  (no boots)
Stlth    ++........             k - amulet of regeneration
HPRegen  0.64/turn              x - ring of Wariness {SInv Stlth+}
MPRegen  0.12/turn              B - ring of Psychosis {Ice Will+ Str+3 Int+2}

@: paralysed, lethally poisoned (-8 -> -8), slowed
A: walk through water, unfitting armour, unbreathing, cold-blooded, AC +12
a: Renounce Religion


You were on level 10 of the Dungeon.
You worshipped Dithmenos.
Dithmenos was noncommittal.
You visited 2 branches of the dungeon, and saw 11 of its levels.
You also visited: Sewer.

You collected 594 gold pieces.

Inventory:

Hand Weapons
 a - a +1 long sword
 b - the +7 dagger of Tentacled Optimality (weapon) {freeze, Str+2 Dex+3 Stlth-}
   (You found it on level 8 of the Dungeon)

   It has been specially enchanted to freeze those struck by it, causing extra
   injury to most foes and up to half again as much damage against particularly
   susceptible opponents.
   It can also slow down cold-blooded creatures.
   It affects your strength (+2).
   It affects your dexterity (+3).
   It makes you less stealthy.
Missiles
 c - 4 throwing nets (quivered)
Armour
 G - a +1 hat (worn)
Jewellery
 f - an uncursed ring of ice
 k - an amulet of regeneration (around neck)
 x - the ring of Wariness (left hand) {SInv Stlth+}
   (You found it on level 4 of the Dungeon)

   [ring of see invisible]

   It lets you see invisible.
   It makes you more stealthy.
 y - an uncursed amulet of faith
 B - the ring of Psychosis (right hand) {Ice Will+ Str+3 Int+2}
   (You found it on level 6 of the Dungeon)

   [ring of ice]

   It enhances your ice magic.
   It affects your strength (+3).
   It affects your intelligence (+2).
   It makes you vulnerable to fire.
   It protects you from cold.
   It affects your willpower, your defense against some magical effects.
Wands
 s - a wand of enslavement (9)
 t - a wand of flame (9)
 w - a wand of disintegration (6)
 I - a wand of iceblast (11)
Scrolls
 d - 10 scrolls of magic mapping
 g - 8 scrolls of teleportation
 q - 2 scrolls of fog
 r - 6 scrolls of remove curse
 v - a scroll of identify
 C - 2 scrolls of brand weapon
 D - a scroll of amnesia {unknown}
 H - 2 scrolls of enchant armour
 J - a scroll of blinking {unknown}
Potions
 e - 3 potions of magic
 h - a potion of mutation {unknown}
 i - 5 potions of haste
 j - 2 potions of flight
 l - 4 potions of might
 m - 2 potions of berserk rage {unknown}
 n - 6 potions of curing
 o - 2 potions of brilliance
 p - 6 potions of heal wounds
 u - 5 potions of degeneration {unknown}
 z - 2 potions of attraction {unknown}
 A - a potion of ambrosia {unknown}
 E - a potion of invisibility {unknown}
 F - 2 potions of lignification {unknown}


   Skills:
 + Level 7.7 Fighting
 * Level 10.1 Long Blades
 - Level 1.8 Throwing
 * Level 9.2 Dodging


You had 7 spell levels left.
You knew the following spells:

 Your Spells              Type           Power        Failure   Level
a - Blink                 Tloc           N/A          50%         2

Your spell library contained the following spells:

 Spells                   Type           Power        Failure   Level
 Magic Dart               Conj           0%           36%         1
 Call Imp                 Summ           0%           50%         2
 Searing Ray              Conj           0%           50%         2
 Slow                     Hex            0%           50%         2
 Confusing Touch          Hex            0%           75%         3
 Conjure Flame            Conj/Fire      0%           75%         3
 Dazzling Flash           Conj/Hex       0%           75%         3
 Gell's Gravitas          Tloc           0%           75%         3
 Mephitic Cloud           Conj/Pois/Air  0%           75%         3
 Fulminant Prism          Conj/Hex       0%           98%         4
 Iskenderun's Mystic Bla  Conj/Tloc      0%           98%         4
 Petrify                  Tmut/Erth      0%           98%         4
 Metabolic Englaciation   Hex/Ice        0%           100%        5
 Yara's Violent Unravell  Hex/Tmut       0%           100%        5


Dungeon Overview and Level Annotations

Branches:
Dungeon (10/15)            Temple (1/1) D:4            Lair (0/6) D:8
  Sewer (visited)
    Orc: D:9-12

Altars:
Ashenzari
Cheibriados
Dithmenos
Elyvilon
Fedhas
Gozag
Hepliaklqana
Kikubaaqudgha
Makhleb
Nemelex Xobeh
Okawaru
Qazlal
Ru
Sif Muna
Trog
Uskayaw
Vehumet
Wu Jian
Xom
Yredelemnul
Zin
The Shining One


Innate Abilities, Weirdness & Mutations

You can walk through water.
Your dull iron-grey scales are very hard. (AC +12)
You cannot fit into any form of body armour.
You can survive without breathing.
You are cold-blooded and may be slowed by cold attacks.


Message History

The hornet misses you.
You hit the hornet but do no damage.
You tail-slap the hornet, but do no damage.
The hornet is almost dead.
You feel sick. The hornet closely misses you. The hornet stings you!
* * * LOW HITPOINT WARNING * * *
You feel as though you will be slow longer.
You hit the hornet. You freeze the hornet.
The hornet is almost dead.
You feel sick. The hornet closely misses you. x2
You closely miss the hornet.
Your tail-slap misses the hornet.
The hornet is almost dead.
You feel sick. The hornet closely misses you.
You barely miss the hornet.
You tail-slap the hornet, but do no damage.
The hornet is almost dead.
You feel sick. The hornet stings you!
* * * LOW HITPOINT WARNING * * *
You suddenly lose the ability to move!
The hornet stings you!
You die...

############
...........#
..........(#
...........#
...........+
...........#
........(..#
......y@...#
#########'##
#.....# ##.#####
#.....#
###.....#
#....)..#
+....#.....#
.#####.....#####


You could see a hornet.

Vanquished Creatures
  Grinder (D:3)
  Prince Ribbit (D:5)
  Menkaure (D:4)
  Duvessa (D:6)
  2 sky beasts
  3 ice beasts
  A black bear (D:9)
  2 necrophages
  3 phantoms
  3 centaurs
  8 ogres
  A big kobold (D:8)
  Blork the orc (D:4)
  7 bullfrogs
  Dowan (D:6)
  A wyvern skeleton (D:7)
  A scorpion (D:6)
  2 howler monkeys (D:9)
  2 bullfrog zombies
  2 centaur skeletons
  3 hounds
  2 jellies
  A bullfrog skeleton (D:7)
  2 orc priests
  7 orc wizards
  2 iguanas
  Ijyb (D:3)
  9 worker ants
  2 hound zombies
  A worker ant zombie (D:8)
  3 gnolls (D:6)
  18 adders
  4 river rats (Sewer)
  2 shadow imps
  2 white imps
  An ufetubus (D:8)
  5 oozes
  An adder zombie (D:10)
  An adder skeleton (D:4)
  5 worms
  3 dart slugs
  11 leopard geckos
  23 orcs
  6 giant cockroaches
  4 goblins
  8 hobgoblins
  6 jackals
  3 quokkas
  10 ball pythons (Sewer)
  5 bats
  6 frilled lizards
  A jackal skeleton (D:4)
  7 kobolds
  28 rats
237 creatures vanquished.

Notes
Turn   | Place    | Note
-------+----------+-------------------------------------------
     0 | D:1      | Borgoz the Draconian Gladiator began the quest for the Orb.
     0 | D:1      | Reached XP level 1. HP: 17/17 MP: 1/1
   291 | D:1      | Reached XP level 2. HP: 25/25 MP: 2/2
   935 | D:2      | Found a glowing silver altar of Zin.
  1043 | D:2      | Reached XP level 3. HP: 28/30 MP: 3/3
  1587 | D:3      | Found a glowing drain.
  1593 | Sewer    | Entered a sewer
  1617 | Sewer    | Reached XP level 4. HP: 31/37 MP: 4/4
  1708 | Sewer    | Reached skill level 4 in Long Blades
  1867 | Sewer    | Reached XP level 5. HP: 34/45 MP: 5/5
  1968 | Sewer    | Reached XP level 6. HP: 9/52 MP: 6/6
  2283 | D:3      | Reached skill level 5 in Long Blades
  2534 | D:3      | Noticed Grinder
  2553 | D:3      | Killed Grinder
  2554 | D:3      | Reached skill level 5 in Dodging
  2554 | D:3      | Your scales start taking on a dull iron-grey colour.
  2554 | D:3      | Reached XP level 7. HP: 13/59 MP: 7/7
  2554 | D:3      | Gained mutation: You can survive without breathing. [Grey
                  | Draconian growth]
  2641 | D:3      | Found a stormy altar of Qazlal.
  2828 | D:3      | Found a white marble altar of Elyvilon.
  2838 | D:3      | Noticed Ijyb
  2849 | D:3      | Killed Ijyb
  3215 | D:4      | Reached skill level 6 in Long Blades
  3221 | D:4      | Got a flickering amber ring
  3222 | D:4      | Identified the ring of Wariness {SInv Stlth+} (You found it
                  | on level 4 of the Dungeon)
  3418 | D:4      | Found a staircase to the Ecumenical Temple.
  3433 | D:4      | Noticed Blork the orc
  3441 | D:4      | Killed Blork the orc
  3463 | Temple   | Entered the Ecumenical Temple
  3645 | D:4      | Noticed Menkaure
  3652 | D:4      | Killed Menkaure
  3653 | D:4      | Reached skill level 5 in Fighting
  3653 | D:4      | Reached XP level 8. HP: 52/68 MP: 8/8
  3773 | D:4      | Reached skill level 7 in Long Blades
  3854 | D:5      | Entered Level 5 of the Dungeon
  4064 | D:5      | Noticed Prince Ribbit
  4199 | D:5      | Found a stormy altar of Qazlal.
  4479 | D:5      | Killed Prince Ribbit
  4717 | D:6      | Got a twitching steel ring
  4737 | D:6      | Identified the ring of Psychosis {Ice Will+ Str+3 Int+2}
                  | (You found it on level 6 of the Dungeon)
  4828 | D:6      | Reached skill level 8 in Long Blades
  4828 | D:6      | Reached XP level 9. HP: 72/75 MP: 9/9
  5072 | D:6      | Noticed Duvessa
  5074 | D:6      | Noticed Dowan
  5089 | D:6      | Killed Duvessa
  5095 | D:6      | Killed Dowan
  5537 | D:7      | Found a snail-covered altar of Cheibriados.
  5538 | D:7      | Found an opulent altar of Gozag.
  6231 | D:7      | Reached skill level 9 in Long Blades
  6448 | D:8      | Found a staircase to the Lair.
  6540 | D:8      | Got a crystal dagger
  6541 | D:8      | Identified the +7 dagger of Tentacled Optimality {freeze,
                  | Str+2 Dex+3 Stlth-} (You found it on level 8 of the
                  | Dungeon)
  6641 | D:8      | Learned a level 2 spell: Blink
  6788 | D:8      | Found a shadowy altar of Dithmenos.
  6826 | D:8      | Found a shimmering blue altar of Sif Muna.
  7153 | D:9      | Reached XP level 10. HP: 86/86 MP: 10/10
  7291 | D:9      | Reached skill level 10 in Long Blades
  7517 | D:9      | Found a burning altar of Makhleb.
  7557 | D:9      | Found an ornate altar of the Wu Jian Council.
  7564 | D:9      | Found an iron altar of Okawaru.
  7619 | D:8      | Became a worshipper of Dithmenos the Shadowed
  7802 | D:10     | Entered Level 10 of the Dungeon
  7966 | D:10     | Paralysed by a hornet for 1 turns
  7966 | D:10     | Mangled by a hornet

Illustrated notes

Levels and vault maps discovered:
D:1:      dpeg_arrival_round_a, layout_rooms
D:2:      minmay_general_purpose_star, layout_loops_ring, zin_scriptorium
D:3:      layout_loops_ring, elyvilon_altar_3, portal_sewer_entry_e,
          grunt_qazlal_clouds, uniq_ijyb, uniq_grinder
D:4:      layout_basic, minmay_temple_entry_junction_2, supply_closet_lemuel,
          uniq_blork_the_orc, uniq_menkaure
D:5:      layout_loops_ring, general_overflow_altar, kennysheep_another_room,
          uniq_prince_ribbit1
D:6:      layout_loops_ring, minivault_23, uniq_duvessa
D:7:      minmay_bubble_buster, layout_cave_pods,
          gammafunk_temple_overflow_statue, serial_column_ruins,
          column_ruins_corridor_T, column_ruins_grid_4, column_ruins_open_large,
          column_ruins_grid_1, column_ruins_grid_1, column_ruins_grid_3,
          column_ruins_columns_T
D:8:      layout_basic, kennysheep_little_box, lemuel_crystal_altar,
          lair_entry_dummy
D:9:      layout_basic, amethyst_overflow_temple_binary, marbit_many_paths
D:10:     layout_roguey, ebering_ghost_reflecting_pool
Temple:   nicolae_temple_hex_pool

Skill      XL: |  1  2  3  4  5  6  7  8  9 10 |
---------------+-------------------------------+-----
Dodging        | 3 4 5 6 7 8 9 |  9.2
Fighting       | 3 4 5 6 7 |  7.7
Long Blades    | 4 5 6 8 9 10 | 10.1
Throwing       | |  1.8

Action                   |  1- 3 |  4- 6 |  7- 9 | 10-12 || total
-------------------------+-------+-------+-------+-------++-------
Melee: Long sword        |   102 |   200 |   423 |       ||   725
       Tailslap          |    11 |    28 |   103 |    18 ||   160
       Dagger            |       |       |    59 |   109 ||   168
Throw: Throwing net      |       |     2 |       |       ||     2
  Use: Scroll            |     5 |     6 |     7 |       ||    18
       Potion            |       |     4 |       |       ||     4
 Stab: Sleeping          |     1 |     2 |    18 |     1 ||    22
Armor: Skin              |    22 |   130 |   118 |    28 ||   298
Dodge: Dodged            |    84 |   278 |   320 |    63 ||   745
Block: Buckler           |       |       |   121 |       ||   121
       Rpst.: Long sword |    31 |    84 |    85 |       ||   200

Table legend: (Time is in decaauts)
 A = Elapsed time spent in this place.
 B = Non-inter-level travel time spent in this place.
 C = Inter-level travel time spent in this place.
 D = Time resting spent in this place.
 E = Time spent auto-exploring this place.
 F = Levels seen in this place.
 G = Mean time per level.
                   A        B        C        D        E       F      G
               +--------+--------+--------+--------+--------+-----+--------+
         Total |   8040 |   7765 |    275 |    716 |   5243 |  12 |  670.0 |
       Dungeon |   7324 |   7055 |    269 |    469 |   5028 |  10 |  732.4 |
        Temple |     74 |     68 |      6 |      0 |     68 |   1 |   74.0 |
         Sewer |    641 |    641 |      0 |    247 |    147 |   1 |  641.0 |
               +--------+--------+--------+--------+--------+-----+--------+

Top non-repeatable levels by time:
     D:7: 923 daAuts
     D:4: 875 daAuts
     D:1: 870 daAuts
     D:5: 839 daAuts
     D:6: 806 daAuts
     D:3: 792 daAuts
     D:8: 737 daAuts
     D:2: 714 daAuts
   Sewer: 641 daAuts
     D:9: 609 daAuts
    D:10: 156 daAuts
  Temple: 74 daAuts
